 Dungeon Crawl Stone Soup version 0.31-a0-1549-g5ff9445e89 (webtiles) character file.

Game seed: 6118028196230718800

259 hikkokomori the Digger (level 6, -1/36 HPs)
             Began as a Gargoyle Earth Elementalist on Jan 2, 2024.
             Killed by divine providence
             ... invoked by an orc priest
              (11 damage)
             ... on level 3 of the Dungeon.
             The game lasted 00:04:11 (2727 turns).

hikkokomori the Digger (GrEE)                       Turns: 2727, Time: 00:04:12

Health: -1/36      AC:  6    Str: 12    XL:     6   Next: 17%
Magic:  0/10       EV: 11    Int: 17    God:
Gold:   103        SH:  0    Dex: 10    Spells: 6/11 levels left

rFire   . . .        c - +0 dagger (drain)
rCold   . . .        (no shield)
rNeg    + . .        a - +0 robe
rPois   ∞            (no helmet)
rElec   +            (no cloak)
rCorr   .            (no gloves)
SInv    .            (no boots)
Will    .....        (no amulet)
Stlth   ++           (no ring)
HPRegen 0.26/turn    (no ring)
MPRegen 0.12/turn

%: no passive effects
@: no status effects
A: sickness immunity, AC +4, negative energy resistance 1, electricity
resistance, torment resistance 1, petrification resistance
a: no special abilities


You were on level 3 of the Dungeon.
You visited 1 branch of the dungeon, and saw 3 of its levels.

You collected 103 gold pieces.

Inventory:

Hand Weapons
 c - a +0 dagger of draining (weapon)
Armour
 a - a +0 robe (worn)
Magical Staves
 r - a staff of fire
Jewellery
 j - a ring of ice
Scrolls
 f - a scroll of fear {unknown}
 g - a scroll of fog {unknown}
 h - a scroll of amnesia {unknown}
 i - a scroll of teleportation
 k - a scroll of noise {unknown}
 l - a scroll of butterflies {unknown}
Potions
 b - a potion of magic
 d - 3 potions of curing
 e - a potion of mutation
 m - a potion of might
 n - 2 potions of attraction
 o - 2 potions of cancellation {unknown}
 p - 2 potions of brilliance {unknown}
 q - a potion of enlightenment {unknown}


   Skills:
 + Level 2.4 Fighting
 - Level 1.5 Dodging
 + Level 3.7 Stealth
 + Level 3.0 Spellcasting
 + Level 2.9 Conjurations
 + Level 4.7 Earth Magic
 + Level 1.1 Alchemy


You had 6 spell levels left.
You knew the following spells:

 Your Spells              Type           Power      Damage    Failure   Level
a - Sandblast             Erth           36%        2d10      2%          1
b - Sting                 Conj/Alch      36%        1d5       8%          1
c - Stone Arrow           Conj/Erth      30%        3d8       11%         3

Your spell library contained the following spells:

 Spells                   Type           Power      Damage    Failure   Level
 Passwall                 Erth           18%        N/A       8%          3
 Mercury Vapours          Alch/Air       8%         N/A       22%         2
 Brom's Barrelling Bould  Conj/Erth      15%        2d4       36%         4
 Inner Flame              Hex/Fire       2%         N/A       45%         3
 Petrify                  Alch/Erth      12%        N/A       45%         4
 Olgreb's Toxic Radiance  Alch           6%         N/A       73%         4
 Irradiate                Conj/Alch      4%         3d13      91%         5
 Ignition                 Fire           1%         3d3       100%        8


Dungeon Overview and Level Annotations

Branches:
Dungeon (3/15)

Altars:
Cheibriados
Hepliaklqana
Okawaru


Innate Abilities, Weirdness & Mutations

You are immune to sickness and miasma.
Your stone body is resilient. (AC +4)
You are immune to poison.
You resist negative energy. (rN+)
You are resistant to electric shocks. (rElec)
You are resistant to unholy torment.
You are immune to petrification.


Message History

Casting: Sandblast (safe; 2% risk of failure)
Confirm with . or Enter, or press ? or * to list all spells.
Aiming: Sandblast (safe; 2% risk of failure)
Press: ? - help, Shift-Dir - straight line, f/p - orc priest
Aim: an orc priest, wielding a +0 flail and wearing a +0 scale mail (severely wounded, heavily drained, 84% to hit)
The blast of sand hits the orc priest.
The orc priest is severely wounded.
The orc priest calls down the wrath of Beogh upon you.
Pain shoots through your body!
* * * LOW HITPOINT WARNING * * *
Unknown command.
Casting: Sandblast (safe; 2% risk of failure)
Confirm with . or Enter, or press ? or * to list all spells.
Aiming: Sandblast (safe; 2% risk of failure)
Press: ? - help, Shift-Dir - straight line, f/p - orc priest
Aim: an orc priest, wielding a +0 flail and wearing a +0 scale mail (severely wounded, heavily drained, 84% to hit)
The blast of sand hits the orc priest but does no damage.
The orc priest is severely wounded.
The orc priest closely misses you.
The orc priest hits you but does no damage.
Unknown command.
You hit the orc priest but do no damage.
The orc priest is severely wounded.
The orc priest calls down the wrath of Beogh upon you.
Pain shoots through your body!
* * * LOW HITPOINT WARNING * * *
You hit the orc priest but do no damage.
The orc priest is severely wounded.
The orc priest barely misses you.
Unknown command.
You closely miss the orc priest.
The orc priest is severely wounded.
The orc priest barely misses you.
Unknown command.
You hit the orc priest but do no damage.
You drain the orc priest.
The orc priest is almost dead.
The orc priest calls down the wrath of Beogh upon you.
Beogh smites you!
You die...

.....# . #.#.# ...#.# #..# #.#
...# # #..# #.# .†... # #..#.
#.# ..#### #) .....###.# ###
)#### #.##...#.# ).. #.####.#.#
#o# # #.##.....# #@#
#.###.##†#.###
################.###.#<...#.#.#
............................#.#
################.#####.######.#
..# #.#........# #.# #.#
#.##.##.##.# #.# #.# #.##.##.#
# #.# #.# #...<##.# #.#
####.##.#


You could see an orc priest (very drained).

Vanquished Creatures
  A scorpion (D:3)
  A bombardier beetle (D:3)
  7 gnolls
  4 adders
  A dart slug (D:1)
  4 orcs (D:3)
  4 ball pythons
  5 endoplasms
  A giant cockroach (D:1)
  4 goblins
  5 hobgoblins
  4 jackals
  7 kobolds
  2 quokkas
  2 bats
  5 frilled lizards
  9 rats
66 creatures vanquished.

Notes
Turn   | Place    | Note
-------+----------+-------------------------------------------
     0 | D:1      | hikkokomori the Gargoyle Earth Elementalist began the quest
                  | for the Orb.
     0 | D:1      | Reached XP level 1. HP: 10/10 MP: 3/3
   107 | D:1      | Reached XP level 2. HP: 16/16 MP: 1/5
   532 | D:1      | Reached skill level 1 in Fighting
   733 | D:1      | Learned a level 1 spell: Sting
   860 | D:2      | Reached XP level 3. HP: 20/20 MP: 4/6
   979 | D:2      | Reached skill level 4 in Earth Magic
  1302 | D:2      | Reached XP level 4. HP: 25/25 MP: 3/7
  1654 | D:2      | Learned a level 3 spell: Stone Arrow
  2101 | D:3      | Reached XP level 5. HP: 30/30 MP: 5/8
  2420 | D:3      | Found a snail-covered altar of Cheibriados.
  2420 | D:3      | Found a hazy altar of Hepliaklqana.
  2427 | D:3      | Found an iron altar of Okawaru.
  2536 | D:3      | Reached skill level 1 in Alchemy
  2536 | D:3      | Reached XP level 6. HP: 26/36 MP: 1/10
  2727 | D:3      | Killed from afar by an orc priest

Illustrated notes

Levels and vault maps discovered:
D:1:      minmay_arrival_wavy_path, layout_rooms
D:2:      layout_basic, minmay_statues_item, minmay_randomly_rotated_circles
D:3:      layout_basic, gammafunk_temple_overflow_claw, st_stairs_1,
          minmay_gold_behind_fungi, nicolae_grassy_gnolls

Skill      XL: |  1  2  3  4  5  6 |
---------------+-------------------+-----
Fighting       | 1 2 |  2.4
Earth Magic    | 4 |  4.7
Conjurations   | 2 |  2.9
Stealth        | 3 |  3.7
Alchemy        | 1 |  1.1
Spellcasting   | 3 |  3.0
Dodging        | |  1.5

Action                     |  1- 3 |  4- 6 || total
---------------------------+-------+-------++-------
  Melee: Dagger            |    18 |    11 ||    29
   Cast: Sandblast         |    42 |    64 ||   106
         Stone Arrow       |       |     1 ||     1
    Use: Scroll            |       |     5 ||     5
 Armour: Robe              |    25 |    25 ||    50
  Dodge: Dodged            |    24 |    29 ||    53

Table legend: (Time is in decaauts)
 A = Elapsed time spent in this place.
 B = Non-inter-level travel time spent in this place.
 C = Inter-level travel time spent in this place.
 D = Time resting spent in this place.
 E = Time spent auto-exploring this place.
 F = Levels seen in this place.
 G = Mean time per level.
                   A        B        C        D        E       F      G
               +--------+--------+--------+--------+--------+-----+--------+
         Total |   2779 |   2700 |     79 |     16 |   2248 |   3 |  926.3 |
       Dungeon |   2779 |   2700 |     79 |     16 |   2248 |   3 |  926.3 |
               +--------+--------+--------+--------+--------+-----+--------+

Top non-repeatable levels by time:
     D:2: 1054 daAuts
     D:3: 968 daAuts
     D:1: 755 daAuts
